 Dungeon Crawl Stone Soup version 0.31.0-4-g52a2dc7128 (webtiles) character file.

Game seed: 5340226227951642842

62 DarkMan24Rus the Magician (level 4, -2/31 HPs)
             Began as a Djinni Fire Elementalist on Jan 22, 2024.
             Was an Initiate of Ashenzari.
             Slain by Grinder (9 damage)
             ... while paralysed by Grinder
             ... on level 4 of the Dungeon.
             The game lasted 00:12:53 (1854 turns).

DarkMan24Rus the Magician (DjFE)                    Turns: 1854, Time: 00:12:54

Health: -2/31      AC:  2    Str:  7    XL:     4   Next: 28%
Gold:   75         EV:  2    Int: 19    God:    Ashenzari [......] SH:  0 Dex: 13

rFire   + + .        (no weapon)
rCold   x . .        (no shield)
rNeg    . . .        a - +0 robe
rPois   ∞            (no helmet)
rElec   .            (no cloak)
rCorr   .            (no gloves)
SInv    .            (boots unavailable)
Will    .....        (no amulet)
Stlth   ++           (no ring)
HPRegen 0.25/turn    (no ring)
MPRegen 0.00/turn

%: infuse magic (-3 HP)
@: paralysed, flying
A: sickness immunity, fire resistance 2, cold vulnerability 1, float, innate
caster, HP casting, extra vitality 1
a: Renounce Religion


You were on level 4 of the Dungeon.
You worshipped Ashenzari.
Ashenzari was noncommittal.
You visited 1 branch of the dungeon, and saw 4 of its levels.

You collected 75 gold pieces.

Inventory:

Armour
 a - a +0 robe (worn)
Scrolls
 c - a scroll of enchant weapon
 d - a scroll of vulnerability
Potions
 b - a potion of haste {unknown}
 e - a potion of invisibility {unknown}


   Skills:
 + Level 0.5 Fighting
 + Level 0.1 Armour
 + Level 3.2 Dodging
 + Level 2.3 Stealth
 + Level 0.6 Unarmed Combat
 + Level 3.4 Spellcasting
 + Level 3.4 Conjurations
 + Level 3.4 Hexes
 + Level 3.4 Summonings
 + Level 3.4 Necromancy
 + Level 3.4 Translocations
 + Level 3.4 Fire Magic
 + Level 3.4 Ice Magic
 + Level 3.4 Air Magic
 + Level 3.4 Earth Magic
 + Level 3.4 Alchemy


You knew the following spells:

 Your Spells              Type           Power      Damage    Failure   Level
a - Foxfire               Conj/Fire      64%        2x1d7     3%          1
b - Scorch                Fire           32%        2d6       5%          2
c - Volatile Blastmotes   Fire/Tloc      32%        2d12      11%         3
d - Inner Flame           Hex/Fire       16%        N/A       11%         3
e - Flame Wave            Conj/Fire      16%        2d7       34%         4
f - Shock                 Conj/Air       64%        1d7       3%          1
Your spell library was empty.

Dungeon Overview and Level Annotations

Branches:
Dungeon (3/15)

Altars:
Ashenzari
Elyvilon
Fedhas
Qazlal
Wu Jian

Shops:
D:2 :

Annotations:
D:4 Grinder


Innate Abilities, Weirdness & Mutations

You are immune to sickness and miasma.
You are immune to poison.
Your flesh is very heat resistant. (rF++)
You are vulnerable to cold. (rC-)
You float through the air rather than walking.
You learn spells naturally, not from books.
Your magical power is your life essence.
You have superior vitality. (+4 MHP)


Message History

Aiming: Shock (safe; 3% risk of failure)
Press: ? - help, Q - select action, (/) - cycle Shift-Dir - straight line, f/p - Grinder
Aim: Grinder (68% to hit)
The zap hits Grinder.
Grinder is lightly wounded.
The zap hits the black bear.
The black bear is moderately wounded.
The black bear growls angrily.
Aiming: Shock (safe; 3% risk of failure)
Press: ? - help, Q - select action, (/) - cycle Shift-Dir - straight line, f/p - Grinder
Aim: Grinder (lightly wounded, 68% to hit)
The zap hits Grinder.
Grinder is moderately wounded.
The zap hits the black bear.
The black bear is moderately wounded.
Aiming: Shock (safe; 3% risk of failure)
Press: ? - help, Q - select action, (/) - cycle Shift-Dir - straight line, f/p - Grinder
Aim: Grinder (moderately wounded, 68% to hit)
The zap hits Grinder.
Grinder is moderately wounded.
The zap hits the black bear.
The black bear is heavily wounded.
Aiming: Shock (safe; 3% risk of failure)
Press: ? - help, Q - select action, (/) - cycle Shift-Dir - straight line, f/p - Grinder
Aim: Grinder (moderately wounded, 68% to hit)
The zap hits Grinder.
Grinder is heavily wounded.
The zap hits the black bear.
The black bear is heavily wounded.
Grinder says, "You look like you could use a good racking."
Grinder attacks as she pursues you! Grinder closely misses you.
There is an open door here.
Grinder gestures at you.
You suddenly lose the ability to move!
Grinder hits you.
You writhe in agony.
* * * LOW HITPOINT WARNING * * *
Grinder hits you but does no damage. Grinder hits you!
You die...
Grinder says, "Now the real fun starts!"

......#...................
#.##.... #...####.........
#.....######...†.).....g.#
#....)....h...###......##
#...##########.# #.#.#.##
#... ### ##.###.#.# #
#..#. #.# ####....#.#.# .#
#. ##.##~~♣##5###.#.# #.
#..'†♣ #♣@~♣ #[#.# #.
#..#~♣#♣†♣♣~##.#.#
#.##.##♣~♣~♣# ~#
###.#....# #♣~~~♣ ♣#
.........# #♣~♣~♣
###.####.# ~♣#♣~# # #.# ~♣
~+ ..# +# # .#..


You could see Grinder.

Vanquished Creatures
  An adder (D:4)
  2 dart slugs (D:1)
  An orc (D:4)
  10 ball pythons
  4 bats (D:1)
  8 endoplasms
  2 giant cockroaches
  4 hobgoblins
  A jackal (D:4)
  2 kobolds (D:1)
  A quokka (D:2)
  3 frilled lizards (D:1)
  2 goblins (D:1)
  2 rats (D:3)
43 creatures vanquished.

Vanquished Creatures (others)
  107 foxfires
107 creatures vanquished.

Grand Total: 150 creatures vanquished

Notes
Turn   | Place    | Note
-------+----------+-------------------------------------------
     0 | D:1      | DarkMan24Rus the Djinni Fire Elementalist began the quest
                  | for the Orb.
     0 | D:1      | DarkMan24Rus set off with the following spells memorised:
                  | Foxfire, Scorch, Volatile Blastmotes, Inner Flame, Flame
                  | Wave.
     0 | D:1      | Reached XP level 1. HP: 15/15 MP: 0/0
   577 | D:1      | Reached XP level 2. HP: 20/21 MP: 0/0
   782 | D:1      | Reached XP level 3. HP: 8/25 MP: 0/0
   782 | D:1      | Learned a level 1 spell: Shock
  1394 | D:2      | Found Iweoqoost's Book Boutique.
  1628 | D:3      | Found a blossoming altar of Fedhas.
  1657 | D:3      | Found an ornate altar of the Wu Jian Council.
  1659 | D:3      | Found a broken altar of Ashenzari.
  1703 | D:3      | Found a stormy altar of Qazlal.
  1703 | D:3      | Found a white marble altar of Elyvilon.
  1726 | D:3      | Became a worshipper of Ashenzari the Shackled
  1769 | D:3      | You are sucked into a shaft and drop 1 floor!
  1793 | D:4      | Reached XP level 4. HP: 18/31 MP: 0/0
  1827 | D:4      | Noticed Grinder
  1837 | D:4      | Noticed a black bear
  1850 | D:4      | Paralysed by Grinder for 5 turns
  1854 | D:4      | Slain by Grinder

Illustrated notes

Levels and vault maps discovered:
D:1:      wheals_arrival_shading, layout_basic, minmay_misc_feat_five
D:2:      layout_basic, serial_shops, shop, uniq_crazy_yiuf_cottage,
          uniq_terence, uniq_jessica
D:3:      layout_basic, fedhas_altar_1, grunt_temple_overflow_open,
          hangedman_abyss_or_decor_lesser_grid
D:4:      lemuel_castle_with_subvaults [lemuel_castle_interior_original],
          layout_loops_ring, mainiacjoe_overflow_alcove_2,
          mainiacjoe_overflow_small_starburst, saegor_snake_ambush, uniq_grinder

Skill      XL: |  1  2 |
---------------+-------+-----
Dodging        | 3 |  3.2
Stealth        | 2 |  2.3
Fighting       | |  0.5
Armour         | |  0.1
Unarmed Combat | |  0.6
Spellcasting   | |  3.4
Conjurations   | |  3.4
Hexes          | |  3.4
Summonings     | |  3.4
Necromancy     | |  3.4
Translocations | |  3.4
Fire Magic     | |  3.4
Ice Magic      | |  3.4
Air Magic      | |  3.4
Earth Magic    | |  3.4
Alchemy        | |  3.4

Action                     |  1- 3 |  4- 6 || total
---------------------------+-------+-------++-------
  Melee: Unarmed           |    22 |     2 ||    24
   Cast: Foxfire           |    65 |     1 ||    66
         Scorch            |    20 |     3 ||    23
         Shock             |       |     9 ||     9
    Use: Scroll            |     3 |       ||     3
         Potion            |     2 |       ||     2
 Armour: Robe              |    32 |     4 ||    36
         Scale mail        |     3 |       ||     3
  Dodge: Dodged            |    34 |     5 ||    39
